 Dungeon Crawl Stone Soup version 0.30-a0-651-g0755cc6dcf (webtiles) character file.

Game seed: 5021263534473425003

14155 CoinPitGoblin the Basher (level 12, -2/73 HPs)
             Began as a Gargoyle Fighter on Jan 18, 2023.
             Was an Initiate of Yredelemnul.
             Slain by a black mamba (13 damage)
             ... on level 4 of the Lair of Beasts.
             The game lasted 00:42:58 (11063 turns).

CoinPitGoblin the Basher (Gargoyle Fighter)        Turns: 11063, Time: 00:42:58

Health: -2/73      AC: 26    Str: 25    XL:     12   Next: 13%
Magic:  15/18      EV: 11    Int: 14    God:    Yredelemnul [......]
Gold:   626        SH: 11    Dex:  9    Spells: 17/19 levels left

rFire   . . .      SeeInvis .    a - +2 mace (protect)
rCold   + . .      Faith    .    o - +1 kite shield
rNeg    + . .      Spirit   .    m - +4 ring mail of Xuaduf {Int+5}
rPois   ∞          Reflect  .    F - +1 hat
rElec   +          Harm     .    G - +2 cloak
rCorr   .          Rampage  .    (no gloves)
Will    +....                    D - +1 pair of boots of Zamav {rElec} Stlth
                                 f - amulet of the acrobat
HPRegen 0.32/turn                i - ring of willpower
MPRegen 0.16/turn                p - ring of protection from cold

@: no status effects
A: sickness immunity, AC +8, negative energy resistance 1, electricity
resistance, torment resistance 1, petrification resistance
a: Renounce Religion, Recall Undead Harvest


You were on level 4 of the Lair of Beasts.
You worshipped Yredelemnul.
Yredelemnul was noncommittal.
You visited 3 branches of the dungeon, and saw 13 of its levels.

You collected 626 gold pieces.

Inventory:

Hand Weapons
 a - a +2 mace of protection (weapon)
 b - a +1 heavy flail
 h - a +0 antimagic whip
 k - a +2 vampiric whip
 r - a +0 lajatang
Armour
 m - the +4 ring mail of Xuaduf (worn) {Int+5}
   (You took it off a hobgoblin on level 2 of the Dungeon)

   Int:       It affects your intelligence (+5).
 o - a +1 kite shield (worn)
 D - the +1 pair of boots of Zamav (worn) {rElec}
   (You found it on level 7 of the Dungeon)

   rElec:     It insulates you from electricity.
 F - a +1 hat (worn)
 G - a +2 cloak (worn)
Jewellery
 f - an amulet of the acrobat (around neck)
 i - a ring of willpower (left hand)
 p - a ring of protection from cold (right hand)
 y - a ring of protection from cold
Wands
 c - a wand of roots (5)
 A - a wand of paralysis (6)
 E - a wand of flame (23)
Scrolls
 l - 2 scrolls of silence
 n - a scroll of fog
 q - a scroll of teleportation
 s - 2 scrolls of fear
 u - a scroll of brand weapon
 x - a scroll of enchant armour
Potions
 d - a potion of magic
 e - a potion of mutation {unknown}
 t - 2 potions of cancellation
 v - a potion of flight
 w - a potion of resistance
 z - 2 potions of brilliance {unknown}
 B - a potion of haste


   Skills:
 + Level 8.0 Fighting
 + Level 11.4 Maces & Flails
 + Level 7.4 Armour
 + Level 6.6 Dodging
 + Level 10.3 Shields
 + Level 4.2 Spellcasting
 + Level 2.1 Invocations


You had 17 spell levels left.
You knew the following spells:

 Your Spells              Type           Power      Damage    Failure   Level
a - Slow                  Hex            8%         N/A       52%         1
b - Sting                 Tmut/Pois      8%         1d3       52%         1

Your spell library contained the following spells:

 Spells                   Type           Power      Damage    Failure   Level
 Poisonous Vapours        Pois/Air       4%         N/A       67%         2
 Confusing Touch          Hex            2%         N/A       88%         3
 Ignite Poison            Fire/Tmut/Pois 2%         N/A       88%         3
 Kindle Blastsparks       Fire/Tloc/Air  4%         2d10      88%         3
 Mephitic Cloud           Conj/Pois/Air  2%         N/A       88%         3
 Vampiric Draining        Necr           2%         2d6       88%         3
 Anguish                  Hex/Necr       1%         N/A       99%         4
 Olgreb's Toxic Radiance  Pois           2%         N/A       99%         4
 Petrify                  Tmut/Erth      2%         N/A       99%         4
 Freezing Cloud           Conj/Ice/Air   1%         6-21      100%        5
 Irradiate                Conj/Tmut      1%         3d12      100%        5
 Enfeeble                 Hex            1%         N/A       100%        7
 Haunt                    Necr/Summ      1%         N/A       100%        7
 Infestation              Necr           1%         N/A       100%        8
 Cigotuvi's Dreadful Rot  Necr/Pois/Air  Unusable   N/A       N/A         2
 Sublimation of Blood     Necr           Unusable   N/A       N/A         2
 Animate Dead             Necr           Unusable   N/A       N/A         4

Dungeon Overview and Level Annotations

Branches:
Dungeon (9/15)             Temple (1/1) D:5            Lair (2/5) D:8
  Slime (0/5) Lair:4
  Swamp: Lair:2-3    Shoals: Lair:2-3     Snake: Lair:2-3    Spider: Lair:2-3
    Orc: D:9-12

Altars:
Ashenzari
Cheibriados
Dithmenos
Elyvilon
Fedhas
Kikubaaqudgha
Makhleb
Nemelex Xobeh
Okawaru
Qazlal
Ru
Trog
Uskayaw
Vehumet
Wu Jian
Yredelemnul
Zin
The Shining One

Annotations:
D:6 1 runed translucent door, mao's ghost, novice MiBe


Innate Abilities, Weirdness & Mutations

You are immune to sickness and miasma.
Your stone body is resilient. (AC +8)
You are immune to poison.
You resist negative energy. (rN+)
You are resistant to electric shocks. (rElec)
You are resistant to unholy torment.
You are immune to petrification.


Message History

The black mamba is severely wounded.
The black mamba bites you!
* * * LOW HITPOINT WARNING * * *
The black mamba closely misses you.
You feel better.
The black mamba bites you but does no damage.
You block the black mamba's attack.
You closely miss the black mamba.
The black mamba is severely wounded.
You block the black mamba's attack. The black mamba bites you!
* * * LOW HITPOINT WARNING * * *
You feel better. You block the black mamba's attack.
Okay, then.
Aiming: Fastroot
Press: ? - help, Shift-Dir - straight line The roots erupt in riotous growth!
Roots grab the black mamba.
The grasping roots constrict the black mamba, but do no damage.
The black mamba bites you but does no damage.
The black mamba misses you.
The grasping roots constrict the black mamba.
The roots release their grip on the black mamba.
The black mamba completely misses you.
Aiming: Fastroot
Press: ? - help, Shift-Dir - straight line The roots erupt in riotous growth!
Roots grab the black mamba.
The grasping roots constrict the black mamba.
The black mamba closely misses you. You block the black mamba's attack.
The grasping roots constrict the black mamba.
The roots release their grip on the black mamba.
You block the black mamba's attack.
Aiming: Fastroot
Press: ? - help, Shift-Dir - straight line The roots erupt in riotous growth!
Roots grab the black mamba.
The grasping roots constrict the black mamba.
The black mamba bites you!
You die...
Your body rises from the dead as a mindless zombie.

,***,*,* *.....?.##
,,,,,,** ##.......#
,,,,..,* #........#
,,>,..###* #P......#*
*,_,.....####.......#
*,,,.......#........#
,,,,................##
,,,,...........S.....#
,,,,............@...P#
,,,,........#.......##
,,,,...#....##......#
*,,,.........##....##
*,,,...#....###....#
*,,,....#..Z##.....#
,,,,........Z......##
*,,,.......≈≈.#.....#
*,,,......≈≈###ZZ..##


You could see a black mamba (rooted).

Vanquished Creatures
  Gastronok (D:8)
  A hydra (Lair:4)
  Pikel (D:6)
  Maurice (D:8)
  A torpor snail (Lair:4)
  3 black mambas
  2 cane toads
  A kobold demonologist (D:8)
  A komodo dragon (Lair:1)
  A polar bear (Lair:1)
  2 dream sheep (Lair:4)
  Prince Ribbit (D:8)
  6 blink frogs (Lair:1)
  2 yaks (D:5)
  A wyvern (D:8)
  Edmund (D:4)
  3 water moccasins (D:7)
  A sky beast (D:8)
  An ice beast (D:6)
  An orc warrior (D:6)
  A black bear (D:7)
  2 ogres
  A centaur (D:6)
  2 wolves (Lair:4)
  A kobold brigand (D:8)
  2 bullfrogs
  2 gnoll sergeants
  7 wights
  3 killer bees
  A howler monkey (D:6)
  A centaur zombie (D:6)
  4 hounds
  2 jellies
  A gnoll bouda (D:6)
  2 orc priests
  5 orc wizards
  Robin (D:4)
  15 gnolls
  7 adders
  3 white imps
  2 ufetubi (D:5)
  An orc zombie (D:6)
  2 worms (D:2)
  2 dart slugs
  22 orcs
  6 ball pythons
  7 bats
  6 endoplasms
  3 giant cockroaches
  12 goblins
  11 hobgoblins
  7 quokkas
  4 frilled lizards
  13 kobolds
  7 rats
200 creatures vanquished.

Vanquished Creatures (collateral kills)
  2 cane toads (Lair:1)
  A rime drake (Lair:1)
  4 komodo dragons
  3 blink frogs (Lair:1)
  A dream sheep (Lair:4)
  A yak (D:5)
  A basilisk (Lair:1)
  5 water moccasins
  An orc warrior (D:8)
  2 wolves (Lair:4)
  A kobold brigand (D:8)
  3 bullfrogs
  A gnoll sergeant (D:8)
  A wight (D:7)
  A killer bee (D:8)
  An orc priest (D:8)
  An iguana (D:7)
  2 orc wizards
  5 gnolls
  An orc (D:8)
  5 kobolds (D:8)
43 creatures vanquished.

Vanquished Creatures (others)
  2 cane toad zombies (Lair:1)
  3 dream sheep zombies (Lair:4)
  A human zombie (D:8)
  2 blink frog zombies (Lair:1)
  2 komodo dragon zombies
  A wyvern zombie (D:8)
  A polar bear zombie (Lair:1)
  A basilisk zombie (Lair:1)
  A black bear zombie (D:7)
  A killer bee zombie (D:7)
  An orc (D:6)
  An endoplasm (D:1)
  11 gnoll zombies
  2 kobold zombies (D:8)
  4 orc zombies
  A spectral ufetubus (D:5)
  53 fungi
  65 plants
153 creatures vanquished.

Grand Total: 396 creatures vanquished

Notes
Turn   | Place    | Note
-------+----------+-------------------------------------------
     0 | D:1      | CoinPitGoblin the Gargoyle Fighter began the quest for the
                  | Orb.
     0 | D:1      | Reached XP level 1. HP: 14/14 MP: 1/1
    97 | D:1      | Reached XP level 2. HP: 16/19 MP: 2/2
   254 | D:1      | Found a faded altar of an unknown god.
   334 | D:1      | Reached XP level 3. HP: 23/23 MP: 3/3
   765 | D:2      | Reached XP level 4. HP: 27/29 MP: 4/4
  1146 | D:2      | Reached skill level 3 in Maces & Flails
  1202 | D:2      | Identified the +4 ring mail of Xuaduf {Int+5}
  1350 | D:2      | You fall into a shaft and drop 2 floors!
  1466 | D:3      | Reached XP level 5. HP: 24/33 MP: 5/5
  1635 | D:3      | Reached skill level 4 in Maces & Flails
  3062 | D:4      | Noticed Robin
  3097 | D:4      | Killed Robin
  3098 | D:4      | Reached XP level 6. HP: 38/38 MP: 6/6
  3246 | D:4      | Reached skill level 1 in Dodging
  3283 | D:4      | Noticed Edmund
  3378 | D:3      | Learned a level 1 spell: Slow
  3596 | D:5      | Entered Level 5 of the Dungeon
  3657 | D:4      | Killed Edmund
  3971 | D:5      | Reached XP level 7. HP: 44/44 MP: 7/7
  3995 | D:5      | Reached skill level 5 in Maces & Flails
  4043 | D:5      | Found a staircase to the Ecumenical Temple.
  4071 | Temple   | Entered the Ecumenical Temple
  4134 | Temple   | Became a worshipper of Yredelemnul the Dark
  4190 | D:5      | Reached * piety under Yredelemnul
  4213 | D:5      | Reached skill level 5 in Armour
  4447 | D:5      | Learned a level 1 spell: Sting
  4919 | D:5      | Found a bloodstained altar of Trog.
  4924 | D:5      | Found a glowing silver altar of Zin.
  5097 | D:5      | Noticed a yak
  5098 | D:5      | Noticed a yak
  5098 | D:5      | Noticed a yak
  5127 | D:5      | Killed a yak
  5128 | D:5      | Reached skill level 6 in Maces & Flails
  5128 | D:5      | Reached skill level 1 in Spellcasting
  5128 | D:5      | Reached XP level 8. HP: 45/48 MP: 8/10
  5146 | D:5      | Killed a yak
  5147 | D:5      | Reached skill level 5 in Fighting
  5151 | D:5      | Killed a yak
  5520 | D:6      | Noticed a troll
  5751 | D:6      | Reached skill level 5 in Shields
  6059 | D:6      | Reached XP level 9. HP: 45/54 MP: 13/13
  6241 | D:6      | Reached skill level 7 in Maces & Flails
  6347 | D:6      | Noticed Pikel
  6379 | D:6      | Killed Pikel
  6558 | D:6      | Found a runed translucent door.
  6559 | D:6      | Noticed mao's ghost (novice MiBe)
  6559 | D:6      | Noticed a kobold demonologist
  7148 | D:7      | Found an ornate altar of the Wu Jian Council.
  7167 | D:7      | Reached skill level 8 in Maces & Flails
  7199 | D:7      | Reached ** piety under Yredelemnul
  7431 | D:7      | Identified the +1 pair of boots of Zamav {rElec}
  7757 | D:7      | Found a broken altar of Ashenzari.
  8270 | D:7      | Reached XP level 10. HP: 28/60 MP: 16/16
  8540 | D:8      | Identified the +6 dagger of Shame {elec, rN+ Dex+6}
  8675 | D:8      | Reached *** piety under Yredelemnul
  8818 | D:8      | Found a staircase to the Lair.
  8833 | D:8      | Noticed a kobold demonologist
  8834 | D:8      | Noticed a sun demon
  8861 | D:8      | Reached skill level 1 in Invocations
  8876 | D:8      | Killed a kobold demonologist
  8935 | D:8      | Reached skill level 9 in Maces & Flails
  8944 | D:8      | Noticed Prince Ribbit
  8972 | D:8      | Killed Prince Ribbit
  9154 | D:8      | Noticed Gastronok
  9178 | D:8      | Your ally Prince Ribbit died
  9180 | D:8      | Reached skill level 5 in Dodging
  9185 | D:8      | Killed Gastronok
  9186 | D:8      | Reached XP level 11. HP: 22/66 MP: 17/17
  9346 | D:8      | Noticed Maurice
  9347 | D:8      | Found a white marble altar of Elyvilon.
  9397 | D:8      | Killed Maurice
  9398 | D:8      | Reached skill level 10 in Maces & Flails
  9486 | D:8      | Found a stormy altar of Qazlal.
  9486 | D:8      | Found a burning altar of Makhleb.
  9488 | D:8      | Found an ancient bone altar of Kikubaaqudgha.
  9490 | D:8      | Found a glowing golden altar of the Shining One.
  9671 | D:9      | Noticed a cyclops
  9702 | Lair:1   | Entered Level 1 of the Lair of Beasts
 10151 | Lair:1   | Reached **** piety under Yredelemnul
 10156 | Lair:1   | Reached ***** piety under Yredelemnul
 10345 | Lair:1   | Reached skill level 11 in Maces & Flails
 10783 | Lair:2   | You fall into a shaft and drop 2 floors!
 10910 | Lair:4   | Reached XP level 12. HP: 56/73 MP: 18/18
 10937 | Lair:4   | Reached skill level 10 in Shields
 11024 | Lair:4   | Noticed an eight-headed hydra
 11045 | Lair:4   | Killed an eight-headed hydra
 11063 | Lair:4   | Slain by a black mamba

Illustrated notes

Levels and vault maps discovered:
D:1:      wander_arrival_abandoned_jail, layout_rooms,
          shapermc_ecumenical_altar_starsandcircs
D:2:      layout_basic, nicolae_titane
D:3:      layout_loops_corners, grunt_decor_arrowhead
D:4:      layout_basic, uniq_edmund, uniq_robin
D:5:      layout_basic, kennysheep_mini_moat, mainiacjoe_overflow_catwalk,
          minmay_temple_entry_stoned_glass
D:6:      layout_basic, serial_glass, glass_columns_c, glass_columns_b,
          ebering_ghost_inner_flame, nicolae_benzene_ring, uniq_pikel
D:7:      layout_loops_corners, mainiacjoe_overflow_big_doors
D:8:      layout_cave_pools, minitemple, due_lair_maze_entry_diamond,
          corexii_leaking_fountain, hex_medium, minmay_fountain_box,
          uniq_gastronok, uniq_maurice, uniq_prince_ribbit1
D:9:      layout_cave_pools, led_sif_book, grunt_gozag_statues, enter_bailey_3
Temple:   nicolae_temple_ecumenical_triangle
Lair:1:   layout_misc_corridors, nicolae_quartered_pool_super,
          hibernation_bobbens
Lair:2:   layout_hall_layers, hellmonk_spider_entry_life_and_decay,
          dreamdust_wasp_nest, infiniplex_staircase_pool_2
Lair:4:   layout_gridlike, slime_entry_1, chequers_serial_rivers_small_b

Skill      XL: |  1  2  3  4  5  6  7  8  9 10 11 12 |
---------------+-------------------------------------+-----
Shields        | 4 5 6 8 9 10 | 10.3
Maces & Flails | 3 4 6 8 9 11 | 11.4
Fighting       | 4 5 6 7 8 |  8.0
Armour         | 4 5 6 7 |  7.4
Dodging        | 1 2 3 4 5 6 |  6.6
Spellcasting   | 1 3 4 |  4.2
Invocations    | 2 |  2.1

Action                   |  1- 3 |  4- 6 |  7- 9 | 10-12 || total
-------------------------+-------+-------+-------+-------++-------
Melee: Flail             |    96 |   143 |       |       ||   239
       Dagger            |    17 |       |       |       ||    17
       Mace              |       |    70 |   370 |   404 ||   844
 Cast: Slow              |       |       |     5 |     2 ||     7
       Sting             |       |       |     4 |       ||     4
Invok: Recall Undead Har |       |       |     3 |     3 ||     6
       Dark Bargain      |       |       |     1 |     4 ||     5
       Stop Recall       |       |       |     1 |       ||     1
Evoke: Wand              |       |       |       |     3 ||     3
  Use: Scroll            |       |     8 |     5 |     5 ||    18
       Potion            |       |     7 |     1 |     5 ||    13
 Stab: Distracted        |       |       |     1 |     5 ||     6
Armor: Scale mail        |    60 |     5 |       |       ||    65
       Ring mail         |       |    97 |   267 |   288 ||   652
Dodge: Dodged            |    57 |   121 |   259 |   201 ||   638
Block: Buckler           |    31 |    26 |     6 |       ||    63
       Kite shield       |       |       |   176 |   268 ||   444

Table legend: (Time is in decaauts)
 A = Elapsed time spent in this place.
 B = Non-inter-level travel time spent in this place.
 C = Inter-level travel time spent in this place.
 D = Time resting spent in this place.
 E = Time spent auto-exploring this place.
 F = Levels seen in this place.
 G = Mean time per level.
                   A        B        C        D        E       F      G
               +--------+--------+--------+--------+--------+-----+--------+
         Total |  11286 |  10062 |   1224 |    680 |   6569 |  13 |  868.2 |
       Dungeon |   9836 |   8699 |   1137 |    680 |   5670 |   9 | 1092.9 |
        Temple |     75 |     71 |      4 |      0 |      0 |   1 |   75.0 |
          Lair |   1375 |   1292 |     83 |      0 |    898 |   3 |  458.3 |
               +--------+--------+--------+--------+--------+-----+--------+

Top non-repeatable levels by time:
     D:5: 1773 daAuts
     D:7: 1691 daAuts
     D:2: 1265 daAuts
     D:8: 1260 daAuts
     D:3: 1236 daAuts
     D:6: 1210 daAuts
  Lair:1: 1085 daAuts
     D:4: 802 daAuts
     D:1: 585 daAuts
  Lair:4: 287 daAuts
  Temple: 75 daAuts
     D:9: 10 daAuts
  Lair:2: 1 daAuts
